 Dungeon Sprint DCSS version 0.21-a0-265-gb353147 (webtiles) character file.

25617 terra52 the Slayer (level 13, -2/148 HPs)
             Began as a Ghoul Gladiator on Sept 11, 2017.
             Was the Champion of Wu Jian.
             Slain by a fire giant
             ... wielding a +1 great sword of flaming
              (9 damage)
             ... in the Dungeon (Sprint I: "Red Sonja").
             The game lasted 00:18:32 (2320 turns).

terra52 the Slayer (Ghoul Gladiator)                Turns: 2320, Time: 00:18:34

Health: -2/148     AC: 10    Str: 20    XL:     13   Next: 20%
Magic:  12/12      EV: 12    Int:  3    God:    Wu Jian [******]
Gold:   2415       SH:  3    Dex: 13    Spells: 12/12 levels left

rFire    + + .     SeeInvis .     - Unarmed
rCold    . . .     Gourm    .   (no shield)
rNeg     + + +     Faith    .   l - +0 troll leather armour
rPois    ∞         Spirit   .   p - +1 helmet
rElec    .         Reflect  +   v - +0 cloak
rCorr    .         Harm     .   (no gloves)
MR       +....     NoTele   +   o - +2 pair of boots {run}
Stlth    +++.......             D - +3 amulet of reflection
HPRegen  0.00/turn              s - ring "Pugraral" {+Fly rF+ Stlth+}
MPRegen  0.13/turn              k - ring "Weserusm" {Fire -Tele MR+ Slay+3}

@: rotting, quick
A: rotting body, claws 1, carnivore 3, cold resistance 1, negative energy
resistance 3, inhibited regeneration, torment resistance, unbreathing
a: Serpent's Lash, Heavenly Storm, Renounce Religion, Evoke Flight


You were in the Dungeon.
You worshipped Wu Jian.
Wu Jian was exalted by your worship.
You were not hungry.

You visited 1 branch You collected 4103 gold pieces.
You spent 1688 gold pieces at shops.

Inventory:

Missiles
 c - 3 throwing nets (quivered)
 m - 8 javelins
Armour
 a - a +0 leather armour
 b - a +0 helmet
 g - the +0 robe of Ejag {Int+4}
   (You found it in the Dungeon)

   It affects your intelligence (+4).
 l - a +0 troll leather armour (worn)
 o - a +2 pair of boots of running (worn)
 p - a +1 helmet (worn)
 v - a +0 cloak (worn)
Jewellery
 k - the ring "Weserusm" (right claw) {Fire -Tele MR+ Slay+3}
   (You bought it in a shop in the Dungeon)

   [ring of fire]

   It enhances your fire magic.
   It affects your accuracy and damage with ranged weapons and melee attacks
   (+3).
   It protects you from fire.
   It makes you vulnerable to cold.
   It affects your resistance to hostile enchantments.
   It prevents most forms of teleportation.
 n - an uncursed ring of ice
 r - the ring "Ypnini" {EV+4 Int+4}
   (You acquired it in the Dungeon)

   [ring of evasion]

   It affects your evasion (+4).
   It affects your intelligence (+4).
 s - the ring "Pugraral" (left claw) {+Fly rF+ Stlth+}
   (You found it in the Dungeon)

   [ring of flight]

   It protects you from fire.
   It lets you fly.
   It makes you more stealthy.
 D - a +3 amulet of reflection (around neck)
Wands
 E - a wand of digging (7/24)
Scrolls
 j - a scroll of blinking
 u - 2 scrolls of identify {unknown}
 x - 2 scrolls of random uselessness {unknown}
 y - 2 scrolls of fog {unknown}
 z - 3 scrolls of remove curse {unknown}
 C - a scroll of enchant weapon {unknown}
Potions
 e - 3 potions of curing
 h - 2 potions of magic
 i - a potion of berserk rage
 q - a potion of flight {unknown}
 t - a potion of degeneration {unknown}
 A - a potion of lignification {unknown}
 B - 3 potions of might
 F - a potion of haste
 G - 3 potions of agility
Comestibles
 d - a meat ration
 w - a royal jelly


   Skills:
 * Level 23.6 Fighting
 - Level 1.7 Throwing
 - Level 1.5 Armour
 - Level 2.6 Dodging
 - Level 4.4 Stealth
 + Level 23.4 Unarmed Combat
 + Level 0.5 Evocations


You had 12 spell levels left.
You didn't know any spells.

Dungeon Overview and Level Annotations

Branches:
Dungeon (1/1)

Altars:
Cheibriados
Dithmenos
Elyvilon
Fedhas
Gozag
Hepliaklqana
Kikubaaqudgha
Makhleb
Nemelex Xobeh
Okawaru
Qazlal
Ru
Sif Muna
Trog
Uskayaw
Vehumet
Wu Jian
Xom
Yredelemnul
Zin
The Shining One
Jiyva
Lugonu

Shops:
D [[%%[=?=%!:}}%?}*(?[!*


Innate Abilities, Weirdness & Mutations

Your body is rotting away.
You thrive on raw meat.
You are immune to poison.
You have sharp fingernails.
You are carnivorous and can eat meat at any time.
Your flesh is cold resistant. (rC+)
You are immune to negative energy. (rN+++)
You do not regenerate when monsters are visible.
You are immune to unholy pain and torment.
You can survive without breathing.


Message History

Unknown command.
You claw the fire giant! x2
The fire giant is almost dead.
The fire giant hits you with a great sword of flaming!!
The fire giant burns you.
The fire giant hits you with a great sword of flaming!!
* * * LOW HITPOINT WARNING * * *
The fire giant burns you.
* * * LOW HITPOINT WARNING * * *
You mangle the fire giant!!
You kill the fire giant!
The Council accepts your kill.
You claw the fire giant!
The fire giant is lightly wounded.
The fire giant hits you with a great sword of flaming!!
* * * LOW HITPOINT WARNING * * *
The fire giant burns you.
* * * LOW HITPOINT WARNING * * *
The fire giant hits you with a great sword of flaming!
You die...

#'###.###.#§§###§.###..#'###
#.
....')∩##§#§§####.$###...#
##.
#########.##§#..#..#$###.#
#..
.......##.##.#...$.....#.#
#§.
.......§§§####....§....#.#
##.
'''######§#..'...§..####'#
#.
......§§#.#####...###....#
##
...§...#'§#)|$#####...#### #
.§.§..≈####[...C@...###
...§.≈≈# !$?...C#####
...≈≈≈## $%....# ≈≈§≈###
=....# ####+###


$$$$$ #####∩∩# #### ∩∩∩∩∩∩## ≈≈≈ ####### ### You could see 2 fire giants.

Vanquished Creatures
  A golden dragon (D)
  A shadow dragon (D)
  A daeva (D)
  2 fire giants (D)
  A lorocyproca (D)
  A hydra (D)
  2 centaur warriors (D)
  Sonja (D)
  A deep troll (D)
  7 unseen horrors (D)
  A lindwurm (D)
  8 shining eyes (D)
  An oklob plant (D)
  A gargoyle (D)
  2 kobold demonologists (D)
  4 demonic crawlers (D)
  A hornet (D)
  A slime creature (D)
  Sigmund (D)
  2 redbacks (D)
  A yak (D)
  13 hogs (D)
  7 floating eyes (D)
  7 necrophages (D)
  An ogre (D)
  8 jellies (D)
  Ijyb (D)
  3 ballistomycetes (D)
  A ballistomycete spore (D)
82 creatures vanquished.

Vanquished Creatures (others)
  A gargoyle (D)
  3 hornets (D)
  A ballistomycete spore (D)
5 creatures vanquished.

Grand Total: 87 creatures vanquished

Notes
Turn   | Place    | Note
-------+----------+-------------------------------------------
     0 | D        | terra52 the Ghoul Gladiator began the quest for the Orb.
     0 | D        | Reached XP level 1. HP: 17/17 MP: 0/0
     2 | D        | Noticed Ijyb
    22 | D        | Killed Ijyb
    22 | D        | Reached skill level 5 in Unarmed Combat
    22 | D        | Reached XP level 2. HP: 11/28 MP: 1/1
    22 | D        | Reached XP level 3. HP: 14/34 MP: 2/2
    96 | D        | Noticed an ogre
   113 | D        | Killed an ogre
   113 | D        | Reached skill level 1 in Armour
   113 | D        | Reached XP level 4. HP: 15/44 MP: 3/3
   315 | D        | Noticed Sigmund
   321 | D        | Killed Sigmund
   321 | D        | Reached skill level 10 in Unarmed Combat
   321 | D        | Reached XP level 5. HP: 53/53 MP: 4/4
   321 | D        | Reached XP level 6. HP: 61/61 MP: 5/5
   329 | D        | Found an ornate altar of the Wu Jian Council.
   329 | D        | Found a deep blue altar of Sif Muna.
   331 | D        | Found a radiant altar of Vehumet.
   340 | D        | Found Cepsagh's Food Emporium.
   340 | D        | Found an ancient bone altar of Kikubaaqudgha.
   340 | D        | Found a hazy altar of Hepliaklqana.
   340 | D        | Found a stormy altar of Qazlal.
   340 | D        | Found a hide-covered altar of Uskayaw.
   340 | D        | Found a blossoming altar of Fedhas.
   340 | D        | Found a bloodstained altar of Trog.
   340 | D        | Found an iron altar of Okawaru.
   340 | D        | Found a basalt altar of Yredelemnul.
   340 | D        | Found a glowing golden altar of the Shining One.
   340 | D        | Found a snail-covered altar of Cheibriados.
   340 | D        | Found a sacrificial altar of Ru.
   340 | D        | Found a glowing silver altar of Zin.
   340 | D        | Found a shadowy altar of Dithmenos.
   340 | D        | Found a white marble altar of Elyvilon.
   340 | D        | Noticed a yak
   341 | D        | Found an opulent altar of Gozag.
   342 | D        | Killed a hornet
   342 | D        | Killed a hornet
   345 | D        | Killed a yak
   345 | D        | Reached XP level 7. HP: 53/70 MP: 6/6
   346 | D        | Found a sparkling altar of Nemelex Xobeh.
   357 | D        | Became a worshipper of the Wu Jian Council
   384 | D        | Found a burning altar of Makhleb.
   384 | D        | Found a viscous altar of Jiyva.
   384 | D        | Found a shimmering altar of Xom.
   384 | D        | Found a corrupted altar of Lugonu.
   384 | D        | Noticed a slime creature
   392 | D        | Killed a slime creature
   519 | D        | Noticed a kobold demonologist
   520 | D        | Noticed a kobold demonologist
   523 | D        | Reached skill level 10 in Fighting
   528 | D        | Noticed a ynoxinul
   530 | D        | Noticed a chaos spawn
   531 | D        | Killed a kobold demonologist
   531 | D        | Reached * piety under Wu Jian
   531 | D        | Reached XP level 8. HP: 55/80 MP: 7/7
   533 | D        | Noticed a red devil
   536 | D        | Killed a kobold demonologist
   536 | D        | Reached skill level 15 in Unarmed Combat
   612 | D        | Noticed Sonja
   617 | D        | Killed Sonja
   617 | D        | Reached XP level 9. HP: 72/90 MP: 8/8
   625 | D        | Noticed a deep troll
   636 | D        | Killed a hornet
   640 | D        | Killed a deep troll
   640 | D        | Reached ** piety under Wu Jian
   678 | D        | Noticed a centaur warrior
   679 | D        | Noticed a centaur warrior
   684 | D        | Killed a centaur warrior
   690 | D        | Killed a centaur warrior
   690 | D        | Reached XP level 10. HP: 32/101 MP: 9/9
   704 | D        | Found Qopunarr's Armour Emporium.
   783 | D        | Found Pishu's Antique Armour Boutique.
   793 | D        | Bought a pair of embroidered boots for 142 gold pieces
   793 | D        | Bought a runed helmet for 142 gold pieces
   798 | D        | Identified a +2 pair of boots of running (You bought it in a shop in the Dungeon)
   813 | D        | Noticed a shining eye
   813 | D        | Noticed a shining eye
   813 | D        | Noticed a shining eye
   813 | D        | Noticed a shining eye
   813 | D        | Noticed a shining eye
   813 | D        | Noticed a shining eye
   817 | D        | Paralysed by a floating eye for 4 turns
   830 | D        | Killed a shining eye
   830 | D        | Reached *** piety under Wu Jian
   834 | D        | Paralysed by a floating eye for 2 turns
   843 | D        | Killed a shining eye
   844 | D        | Killed a shining eye
   844 | D        | Reached **** piety under Wu Jian
   848 | D        | Killed a shining eye
   852 | D        | Killed a shining eye
   856 | D        | Noticed a shining eye
   856 | D        | Noticed a shining eye
   861 | D        | Killed a shining eye
   861 | D        | Paralysed by a floating eye for 3 turns
   868 | D        | Killed a shining eye
   868 | D        | Reached ***** piety under Wu Jian
   868 | D        | Reached XP level 11. HP: 110/110 MP: 10/10
   870 | D        | Paralysed by a floating eye for 2 turns
   878 | D        | Killed a shining eye
   916 | D        | Reached skill level 15 in Fighting
  1008 | D        | Noticed an oklob plant
  1009 | D        | Killed an oklob plant
  1009 | D        | Reached ****** piety under Wu Jian
  1054 | D        | Got a silken robe
  1065 | D        | Identified the +0 robe of Ejag {Int+4} (You found it in the Dungeon)
  1175 | D        | Noticed a lindwurm
  1181 | D        | Killed a lindwurm
  1263 | D        | Noticed a 12-headed hydra
  1264 | D        | Killed a 12-headed hydra
  1264 | D        | Reached XP level 12. HP: 132/132 MP: 11/11
  1273 | D        | Noticed a deep elf annihilator
  1297 | D        | Identified a scroll of acquirement
  1298 | D        | Got a transparent marble ring
  1299 | D        | Identified the ring "Ypnini" {EV+4 Int+4} (You acquired it in the Dungeon)
  1301 | D        | Noticed a shadow dragon
  1301 | D        | Noticed a golden dragon
  1306 | D        | Killed a golden dragon
  1309 | D        | Killed a shadow dragon
  1313 | D        | Got a twitching brass ring
  1314 | D        | Identified the ring "Pugraral" {+Fly rF+ Stlth+} (You found it in the Dungeon)
  1392 | D        | Found Tuulusch's Assorted Antiques.
  1411 | D        | Bought a scroll labeled QOIT KYREIRIOF for 23 gold pieces
  1411 | D        | Bought a scroll labeled TEOHAN IJESH for 23 gold pieces
  1411 | D        | Bought a scroll labeled XEOPSU ECYEBU for 23 gold pieces
  1411 | D        | Bought a scroll labeled XEOPSU ECYEBU for 23 gold pieces
  1411 | D        | Bought an emerald potion for 20 gold pieces
  1411 | D        | Bought a scroll labeled XEOPSU ECYEBU for 23 gold pieces
  1411 | D        | Bought a fuming emerald potion for 20 gold pieces
  1411 | D        | Bought a scroll labeled QOLURUO OMISI for 23 gold pieces
  1555 | D        | Found Neyn's Armour Shoppe.
  1555 | D        | Found Wuol's Armour Shop.
  1555 | D        | Found Munirunk's Food Emporium.
  1555 | D        | Found Sioxtihi's Jewellery Boutique.
  1578 | D        | Bought the ring "Weserusm" {Fire -Tele MR+ Slay+3} for 490 gold pieces
  1578 | D        | Bought a +3 amulet of reflection for 172 gold pieces
  1676 | D        | Found Oriet's Jewellery Shoppe.
  1676 | D        | Found Puuddaw's Magic Scroll Shop.
  1676 | D        | Found Worailok's Food Boutique.
  1678 | D        | Found Zytott's Distillery.
  1678 | D        | Found Najos's Book Shop.
  1678 | D        | Found Taiskis's Gadget Shoppe.
  1678 | D        | Found Syopt's Gadget Boutique.
  1678 | D        | Found Ofuleluxea's Food Emporium.
  1678 | D        | Found Funo Meh's Magic Scroll Shop.
  1678 | D        | Found Orylekhla's Gadget Shoppe.
  1681 | D        | Found Liazxaah's Assorted Antiques.
  1682 | D        | Found Hirghom's Magic Scroll Emporium.
  1682 | D        | Found Lonocs's Antique Weapon Boutique.
  1683 | D        | Found Coanompeno's Distillery.
  1688 | D        | Bought a wand of digging (8/24) for 264 gold pieces
  1709 | D        | Bought a potion of haste for 100 gold pieces
  1709 | D        | Bought a potion of might for 40 gold pieces
  1709 | D        | Bought a potion of agility for 40 gold pieces
  1709 | D        | Bought a potion of agility for 40 gold pieces
  1709 | D        | Bought a potion of might for 40 gold pieces
  1709 | D        | Bought a potion of agility for 40 gold pieces
  1769 | D        | Killed a lorocyproca
  1984 | D        | Noticed a daeva
  1996 | D        | Killed a daeva
  2109 | D        | Reached XP level 13. HP: 19/148 MP: 12/12
  2306 | D        | Noticed a fire giant
  2309 | D        | Noticed a fire giant
  2310 | D        | Noticed a fire giant
  2311 | D        | Noticed a fire giant
  2314 | D        | Killed a fire giant
  2319 | D        | Killed a fire giant
  2320 | D        | HP: 7/148 [fire giant/great sword of flaming (2)]
  2320 | D        | Slain by a fire giant

Vault maps used:
D:        dungeon_sprint_1

Skill      XL: |  1  2  3  4  5  6  7  8  9 10 11 12 13 |
---------------+----------------------------------------+-----
Fighting       | 4 6 8 9 10 11 13 14 19 23 | 23.6
Unarmed Combat | 5 8 10 12 14 16 19 21 22 23 | 23.4
Armour         | 1 |  1.5
Stealth        | 2 4 |  4.4
Throwing       | |  1.7
Dodging        | |  2.6
Evocations     | |  0.5

Action                   |  1- 3 |  4- 6 |  7- 9 | 10-12 | 13-15 || total
-------------------------+-------+-------+-------+-------+-------++-------
Melee: Unarmed           |    30 |    13 |    46 |   212 |    13 ||   314
       Punch             |     2 |       |     4 |    21 |     1 ||    28
Throw: Throwing net      |     6 |       |       |       |       ||     6
Invok: Serpent's Lash    |       |       |       |     6 |       ||     6
       Heavenly Storm    |       |       |       |     1 |       ||     1
Evoke: Wand              |       |       |       |     1 |       ||     1
  Use: Potion            |       |       |       |     2 |       ||     2
       Scroll            |       |       |       |     2 |       ||     2
 Stab: Held in net/web   |     2 |       |       |       |       ||     2
       Sleeping          |       |     2 |     3 |    11 |       ||    16
  Eat: Chunk             |     3 |       |    10 |    30 |       ||    43
Armor: Leather armour    |     3 |     1 |     7 |       |       ||    11
       Troll leather arm |       |       |     2 |    57 |     4 ||    63
Dodge: Dodged            |    11 |     4 |    35 |    64 |     1 ||   115
Block: Other             |       |       |       |     4 |       ||     4

Table legend:
 A = Spawn XP
 B = Non-spawn XP
 C = Spawn XP percentage of total XP
 D = Spawn monster count
 E = Non-spawn monster count
 F = Spawn count percentage of total count
 G = Total turns spent on level
                    A         B        C        D         E        F      G
               +---------+---------+-------+---------+---------+-------+---------
         Total |       0 |   36597 |   0.0 |       0 |      78 |   0.0 |  2320
               +---------+---------+-------+---------+---------+-------+---------
             D |       0 |   36597 |   0.0 |       0 |      78 |   0.0 |  2320
               +---------+---------+-------+---------+---------+-------+---------
